AoeStats
← 知耻而后勇喜笑颜开

QS Arena

503330411Analyzed
4v4 RM · 1mo ago on Aug 31, 2026· 43m 2s· 8 players
Game mode
Random Map
Map size
Large (8 player)
Population
200
Speed
Normal
Resources
Standard
Victory
Conquest
Starting age
Dark Age
Ending age
Imperial Age
RankedLock teamsTeams togetherTeam positionsShared explorationLock speedFull tech treeHidden civsTurbo modeCheats
Victory
Defeat
🇲🇽 Saracens · Mexico
1296
+8
🇲🇽 Bohemians · Mexico
1244
+10
🇺🇸 Wei · United States
1187
+12
🇲🇽 Teutons · Mexico
852
+26
1114
-15
🇹🇼 Huns · Taiwan
1112
-15
🇨🇱 Bohemians · Chile
1105
-14
🇵🇪 Slavs · Peru
1085
-13
Calcetin
6:36 Loom
9:28 Feudal Age
14:22 Castle Age
13:05 Horse Collar
13:15 Double-Bit Axe
18:48 Heavy Plow
22:42 Chemistry
28:26 Imperial Age
26:39 Wheelbarrow
32:48 Pikeman
34:22 Halberdier
MACS-X
9:52 Feudal Age
13:47 Castle Age
11:52 Double-Bit Axe
12:04 Horse Collar
14:17 Wheelbarrow
20:23 Heavy Plow
知耻而后勇喜笑颜开
8:36 Feudal Age
6:52 Loom
9:16 Feudal Age
9:56 Double-Bit Axe
13:08 Castle Age
10:55 Horse Collar
14:15 Bow Saw
14:06 Heavy Plow
15:12 Wheelbarrow
14:30 Town Watch
15:50 Stone Mining
17:18 Stone Shaft Mining
16:33 Gold Mining
17:30 Loom
19:39 Hand Cart
20:58 Masonry
20:28 Treadmill Crane
21:34 Fletching
21:40 Treadmill Crane
22:39 Fortified Wall
22:59 Ballistics
29:57 Imperial Age
29:11 Scale Mail Armor
29:22 Forging
30:40 Chain Mail Armor
30:21 Bodkin Arrow
31:05 Lechitic Legacy
31:05 Conscription
31:58 Crop Rotation
32:09 Iron Casting
31:39 Scale Barding Armor
32:33 Bloodlines
32:23 Husbandry
31:44 Light Cavalry
32:46 Siege Engineers
33:42 Chemistry
33:58 Hoardings
33:22 Winged Hussar
36:24 Blast Furnace
35:29 Scale Barding Armor
懿
8:54 Feudal Age
13:28 Castle Age
11:33 Double-Bit Axe
12:01 Horse Collar
16:18 Bow Saw
16:12 Heavy Plow
18:05 Loom
21:11 Wheelbarrow
23:37 Hand Cart
34:37 Imperial Age
32:17 Scale Barding Armor
33:33 Chain Barding Armor
35:17 Husbandry
35:27 Bloodlines
34:37 Light Cavalry
35:21 Marauders
34:42 Elite Tarkan
37:29 Plate Barding Armor
38:21 Cavalier
iFernanda
1:00 Loom
8:41 Feudal Age
16:30 Castle Age
14:35 Double-Bit Axe
16:10 Stone Mining
17:25 Forging
17:54 Scale Mail Armor
18:17 Gambesons
19:12 Fletching
20:43 Squires
27:26 Scale Barding Armor
29:55 Wheelbarrow
34:41 Bloodlines
37:27 Chain Barding Armor
38:23 Hand Cart
42:57 Town Watch
43:53 Iron Casting
43:34 Chain Mail Armor
43:36 Caravan
RaffaEP
0:27 Loom
8:43 Feudal Age
12:50 Castle Age
11:04 Double-Bit Axe
11:11 Horse Collar
12:06 Gold Mining
12:54 Stone Mining
17:45 Wheelbarrow
20:28 Fervor
22:19 Hand Cart
22:55 Heavy Plow
24:56 Bow Saw
29:10 Imperial Age
27:49 Gold Shaft Mining
27:56 Stone Shaft Mining
28:33 Scale Barding Armor
28:39 Forging
28:41 Fletching
29:16 Tuntian
28:49 Pikeman
29:30 Squires
29:15 Arson
30:22 Chain Barding Armor
30:03 Scale Mail Armor
31:43 Iron Casting
31:03 Bodkin Arrow
31:55 Bloodlines
31:46 Husbandry
31:07 Light Cavalry
31:11 Halberdier
32:37 Chain Mail Armor
33:33 Chemistry
32:13 Treadmill Crane
34:42 Blast Furnace
33:43 Bracer
33:43 Padded Archer Armor
34:08 Conscription
34:30 Elite Tiger Cavalry
39:42 Leather Archer Armor
42:13 Masonry
42:14 Fortified Wall
42:00 Murder Holes
MZTK l ROD
7:59 Feudal Age
12:20 Castle Age
10:52 Double-Bit Axe
12:17 Horse Collar
12:26 Loom
15:59 Wheelbarrow
23:12 Gold Mining
27:50 Forging
31:27 Imperial Age
30:11 Bow Saw
30:02 Heavy Plow
31:13 Iron Casting
32:14 Scale Barding Armor
33:40 Two-Man Saw
35:09 Gold Shaft Mining
34:40 Husbandry
34:51 Bloodlines
34:59 Hand Cart
36:28 Blast Furnace
38:24 Town Watch
39:13 Chain Barding Armor
38:40 Heavy Camel Rider
39:17 Elite Mameluke
43:03 Stone Mining
MZTK | SIRO
2:58 Loom
4:56 Loom
7:09 Feudal Age
12:58 Castle Age
11:13 Double-Bit Axe
15:12 Bow Saw
22:58 Town Watch
27:24 Imperial Age
25:03 Horse Collar
27:19 Chemistry
26:40 Ballistics
27:27 Scale Mail Armor
27:37 Forging
27:37 Pikeman
34:11 Wheelbarrow
34:38 Two-Man Saw
33:40 Heavy Plow
Connection lost

Rejoining the realm…

Still unreachable

The connection could not be restored.

Session expired

The server has moved on; the page needs a fresh start.